 Dungeon Crawl Stone Soup version 0.31-a0-4-gefa6de2278 (webtiles) character file.

Game seed: 9110592965968827203

4394 mandoloar the Fighter (level 10, -2/133 HPs)
             Began as a Formicid Fighter on May 4, 2023.
             Slain by an orc warlord
             ... wielding a +5 broad axe
              (18 damage)
             ... in a bailey.
             The game lasted 00:27:32 (10742 turns).

mandoloar the Fighter (Formicid Fighter)           Turns: 10742, Time: 00:27:33

Health: -2/133     AC: 29    Str: 25    XL:     10   Next: 61%
Magic:  10/10      EV:  2    Int:  8    God:
Gold:   460        SH:  9    Dex: 19    Spells: 9/9 levels left

rFire   . . .        a - +0 battleaxe (elec)
rCold   . . .        c - +3 buckler
rNeg    . . .        v - melded +0 scale mail
rPois   +            (helmet unavailable)
rElec   .            u - melded scarf {repulsion}
rCorr   .            f - melded +0 pair of gloves
SInv    .            (boots currently unavailable)
Will    +....        o - amulet of the acrobat
Stlth   ++           m - +4 ring of protection
HPRegen 0.42/turn    l - +6 ring of dexterity
MPRegen 0.12/turn

%: acrobat
@: mighty, tree-form
A: stationary, stasis, torment immunity, boosted hp, permanent stasis, dig
shafts and tunnels, (antennae 3), four strong arms
a: no special abilities


You were in a bailey.
You were a tree.
You visited 2 branches of the dungeon, and saw 9 of its levels.
You also visited: Bailey.

You collected 460 gold pieces.

Inventory:

Hand Weapons
 a - a +0 battleaxe of electrocution (weapon)
 b - a +1 war axe of flaming
Missiles
 j - 17 boomerangs
 k - 23 poisoned darts (quivered)
 C - 3 javelins
Armour
 c - a +3 buckler (worn)
 f - a +0 pair of gloves (melded)
 u - a scarf of repulsion (melded)
 v - a +0 scale mail (melded)
Jewellery
 l - a +6 ring of dexterity (right branch)
 m - a +4 ring of protection (left branch)
 o - an amulet of the acrobat (around neck)
Wands
 q - a wand of paralysis (14)
Scrolls
 y - 2 scrolls of fog
 A - a scroll of poison
Potions
 d - 2 potions of might
 e - 3 potions of curing {unknown}
 g - a potion of lignification
 h - 2 potions of berserk rage {unknown}
 i - a potion of haste {unknown}
 n - 4 potions of heal wounds
 p - 3 potions of brilliance {unknown}
 r - 2 potions of invisibility {unknown}
 s - 4 potions of attraction
 t - 2 potions of flight
 w - 4 potions of magic
 z - a potion of resistance {unknown}
 B - a potion of mutation {unknown}


   Skills:
 + Level 11.9 Fighting
 + Level 10.7 Axes
 - Level 3.2 Armour
 - Level 4.0 Shields


You had 9 spell levels left.
You didn't know any spells.
Your spell library contained the following spells:

 Spells                   Type           Power      Damage    Failure   Level
 Poisonous Vapours        Pois/Air       0%         N/A       61%         2
 Static Discharge         Conj/Air       0%         2-2/arc   61%         2
 Gell's Gravitas          Tloc           0%         N/A       83%         3
 Mephitic Cloud           Conj/Pois/Air  0%         N/A       83%         3
 Teleport Other           Tloc           0%         N/A       83%         3
 Airstrike                Air            0%         2d(0-16)  99%         4
 Summon Lightning Spire   Summ/Air       0%         N/A       99%         4
 Freezing Cloud           Conj/Ice/Air   0%         6-21      100%        5
 Dispersal                Tloc           0%         N/A       100%        6


Dungeon Overview and Level Annotations

Branches:
Dungeon (8/15)             Temple (1/1) D:5          Bailey (1/1)
   Lair: D:8-11

Altars:
Ashenzari
Cheibriados
Dithmenos
Elyvilon
Fedhas
Gozag
Hepliaklqana
Kikubaaqudgha
Makhleb
Nemelex Xobeh
Okawaru
Qazlal
Sif Muna
Trog
Uskayaw
Vehumet
Wu Jian
Xom
Yredelemnul
The Shining One


Innate Abilities, Weirdness & Mutations

You are a tree.
Your roots penetrate the ground, keeping you stationary.
You cannot be teleported.
You are immune to unholy pain and torment.
Your maximum health is greatly increased.
Your equipment is partially melded.
You cannot be hasted, slowed, berserked, paralysed or teleported.
You can dig through walls and to a lower floor.
((You have a pair of large antennae on your head. (SInv)))
Your four strong arms can wield two-handed weapons with a shield.


Message History

The orc warlord is lightly wounded.
You block the orc warlord's attack.
You closely miss the orc warlord.
The orc warlord is lightly wounded.
You block the orc warlord's attack.
You barely miss the orc warlord.
The orc warlord is lightly wounded.
The orc warlord hits you with a +5 broad axe!!
You hit the orc warlord.
Lightning courses through the orc warlord!
The orc warlord is moderately wounded.
You block the orc warlord's attack.
The orc warlord hits you with a +5 broad axe.
You hit the orc warlord but do no damage.
The orc warlord is moderately wounded.
The orc warlord hits you with a +5 broad axe!
You closely miss the orc warlord.
The orc warlord is moderately wounded.
The orc warlord hits you with a +5 broad axe!
You hit the orc warlord but do no damage.
The orc warlord is moderately wounded.
The orc warlord hits you with a +5 broad axe!!
* * * LOW HITPOINT WARNING * * *
You slice the orc warlord!!
The orc warlord is heavily wounded.
You block the orc warlord's attack.
Really quaff the potion of lignification?
You turn into a tree.
Your scarf of repulsion melds into your body.
Your +0 pair of gloves melds into your body.
Your +0 scale mail melds into your body.
The haze of the repulsion field disappears.
Your roots penetrate the ground.
The orc warlord hits you with a +5 broad axe!
* * * LOW HITPOINT WARNING * * *
You completely miss the orc warlord.
The orc warlord is heavily wounded.
The orc warlord completely misses you.
The orc warlord hits you with a +5 broad axe!!
You die...

♣∩...~~~.#~....∩....~#.~~~...∩♣
♣♣...~~~.#~.........~#.~~)...♣♣
♣...~~~.#~~.8...8.~~#.~~~...♣
♣♣..###'###.......###'###..♣♣
♣.##....#~.8...8.~#....##.♣
♣##...).#~~~~~~~~~#.....##♣
##......####~~~####......##
#...8......#''o#......8...#
#.............♣...!.......#
#.................).......#
##..8..8......)...)8..8..##
##.......#######.......##
##.....## ##.....## ##...##
##...## ##### #####


You could see an orc warlord.

Vanquished Creatures
  An orc sorcerer (D:6)
  Grinder (D:3)
  A wyvern (D:7)
  A steam dragon (D:7)
  A water moccasin (D:6)
  4 orc warriors
  2 ice beasts (D:7)
  4 sky beasts
  3 black bears
  An ogre (D:6)
  A phantom (D:3)
  8 bullfrogs
  12 wights
  2 jellies
  A gnoll bouda (D:8)
  4 orc priests
  3 sleepcaps
  2 hounds
  6 iguanas
  Robin (D:3)
  18 gnolls
  6 adders
  A white imp (D:6)
  3 ufetubi
  3 worms
  3 dart slugs
  24 orcs
  3 ball pythons
  6 endoplasms
  3 giant cockroaches (D:1)
  16 goblins
  10 hobgoblins
  12 jackals
  18 kobolds
  2 quokkas
  8 bats
  5 frilled lizards
  A rat (D:2)
201 creatures vanquished.

Vanquished Creatures (others)
  3 demonic plants (D:2)
  A plant (D:2)
  2 withered plants (D:2)
6 creatures vanquished.

Grand Total: 207 creatures vanquished

Notes
Turn   | Place    | Note
-------+----------+-------------------------------------------
     0 | D:1      | mandoloar the Formicid Fighter began the quest for the Orb.
     0 | D:1      | Reached XP level 1. HP: 18/18 MP: 1/1
   147 | D:1      | Reached XP level 2. HP: 24/24 MP: 2/2
   888 | D:1      | Reached XP level 3. HP: 30/30 MP: 3/3
  1211 | D:2      | Reached skill level 4 in Fighting
  1735 | D:2      | Found a faded altar of an unknown god.
  1775 | D:2      | Reached XP level 4. HP: 37/37 MP: 4/4
  2275 | D:3      | Noticed Grinder
  2288 | D:3      | Killed Grinder
  2289 | D:3      | Reached skill level 5 in Fighting
  2289 | D:3      | Reached XP level 5. HP: 40/46 MP: 5/5
  2289 | D:3      | Reached XP level 6. HP: 45/52 MP: 6/6
  2768 | D:3      | Noticed Robin
  2810 | D:3      | Killed Robin
  3359 | D:3      | Reached skill level 6 in Fighting
  3374 | D:3      | Reached skill level 5 in Axes
  3374 | D:3      | Reached XP level 7. HP: 48/58 MP: 7/7
  4580 | D:5      | Entered Level 5 of the Dungeon
  4898 | D:5      | Reached skill level 7 in Fighting
  4910 | D:5      | Reached XP level 8. HP: 57/67 MP: 8/8
  4996 | D:5      | Found the +7 staff of the Meek {protect, meekguard}
  5917 | D:5      | Found a staircase to the Ecumenical Temple.
  5923 | Temple   | Entered the Ecumenical Temple
  6317 | D:5      | Reached skill level 8 in Fighting
  6923 | D:6      | Reached XP level 9. HP: 68/75 MP: 9/9
  7146 | D:6      | Reached skill level 9 in Fighting
  7636 | D:6      | Found a blossoming altar of Fedhas.
  7645 | D:6      | Found a glowing golden altar of the Shining One.
  7757 | D:7      | Noticed an orc sorcerer
  7762 | D:7      | Noticed a smoke demon
  7764 | D:7      | Noticed a rust devil
  7968 | D:6      | Killed an orc sorcerer
  7969 | D:6      | Reached skill level 10 in Fighting
  8175 | D:7      | Identified the +5 hat "Zexusk" {rPois rCorr}
  8280 | D:7      | Reached XP level 10. HP: 72/86 MP: 10/10
  8597 | D:7      | Reached skill level 11 in Fighting
  8964 | D:6      | Reached skill level 10 in Axes
 10231 | D:8      | Found a flagged portal.
 10244 | Bailey   | Entered a bailey
 10354 | Bailey   | Noticed an orc warlord
 10473 | Bailey   | Found a runed translucent gate.
 10473 | Bailey   | Found a runed translucent gate.
 10489 | Bailey   | Found a runed translucent gate.
 10742 | Bailey   | Slain by an orc warlord

Illustrated notes

Levels and vault maps discovered:
D:1:      dpeg_arrival_long_road, layout_loops_ring
D:2:      layout_rooms, shapermc_ecumenical_altar_gd
D:3:      layout_loops_corners, wad_rectangle_vault, uniq_robin, uniq_grinder
D:4:      layout_basic
D:5:      layout_gridville, minmay_temple_entry_statues_pillars,
          pf_guarded_unrand_meek
D:6:      layout_gridville, mainiacjoe_overflow_swirl
D:7:      cheibrodos_wizards_tower, layout_loops_ring
D:8:      layout_basic, mainiacjoe_overflow_catch_the_wave, enter_bailey_7,
          gammafunk_ghost_cemetery, serial_glass, glass_columns_a,
          glass_columns_a, glass_columns_c, glass_columns_a, glass_columns_a,
          uniq_pikel, uniq_amaemon
Temple:   dpeg_five_rooms_temple
Bailey:   bailey_axe_bossmonster_kennysheep, bailey

Skill      XL: |  1  2  3  4  5  6  7  8  9 10 |
---------------+-------------------------------+-----
Fighting       | 4 5 6 7 8 10 11 | 11.9
Axes           | 3 4 5 6 7 9 10 | 10.7
Armour         | |  3.2
Shields        | |  4.0

Action                     |  1- 3 |  4- 6 |  7- 9 | 10-12 || total
---------------------------+-------+-------+-------+-------++-------
  Melee: War axe           |    63 |   105 |    29 |       ||   197
         Battleaxe         |       |       |   217 |   162 ||   379
  Throw: Dart              |    12 |       |    64 |    23 ||    99
    Use: Scroll            |       |     8 |     3 |     6 ||    17
         Potion            |       |       |       |     2 ||     2
 Armour: Scale mail        |    29 |    45 |   130 |    57 ||   261
  Dodge: Dodged            |    19 |    54 |   132 |   103 ||   308
  Block: Buckler           |    22 |    33 |    88 |    83 ||   226

Table legend: (Time is in decaauts)
 A = Elapsed time spent in this place.
 B = Non-inter-level travel time spent in this place.
 C = Inter-level travel time spent in this place.
 D = Time resting spent in this place.
 E = Time spent auto-exploring this place.
 F = Levels seen in this place.
 G = Mean time per level.
                   A        B        C        D        E       F      G
               +--------+--------+--------+--------+--------+-----+--------+
         Total |  10945 |  10381 |    564 |   4435 |   4086 |  10 | 1094.5 |
       Dungeon |  10135 |   9601 |    534 |   4279 |   3671 |   8 | 1266.9 |
        Temple |    289 |    259 |     30 |      0 |    248 |   1 |  289.0 |
        Bailey |    520 |    520 |      0 |    156 |    167 |   1 |  520.0 |
               +--------+--------+--------+--------+--------+-----+--------+

Top non-repeatable levels by time:
     D:6: 2073 daAuts
     D:5: 1731 daAuts
     D:7: 1483 daAuts
     D:3: 1276 daAuts
     D:1: 1195 daAuts
     D:4: 1169 daAuts
     D:2: 1088 daAuts
  Bailey: 520 daAuts
  Temple: 289 daAuts
     D:8: 118 daAuts
